 Dungeon Crawl Stone Soup version 0.28-a0-1518-gbe868bca14 (webtiles) character file.

Game seed: 14046598206463764813

8 knot the Chopper (level 2, 20/24 HPs)
             Began as a Demonspawn Berserker on Jan 17, 2022.
             Was a Follower of Trog.
             Quit the game on level 1 of the Dungeon.
             The game lasted 00:00:13 (284 turns).

knot the Chopper (Demonspawn Berserker)              Turns: 284, Time: 00:00:14

Health: 20/24      AC:  4    Str: 17    XL:     2   Next: 0%
Magic:  2/2        EV: 12    Int:  8    God:    Trog [*.....]
Gold:   0          SH:  0    Dex: 12    Spells: 1/1 levels left

rFire   . . .      SeeInvis .   a - +0 hand axe
rCold   . . .      Faith    .   (no shield)
rNeg    . . .      Spirit   .   b - +0 animal skin
rPois   .          Reflect  .   (no helmet)
rElec   .          Harm     .   (no cloak)
rCorr   .          Rampage  .   (no gloves)
Will    .....                   (no boots)
Stlth   +.........              (no amulet)
HPRegen 0.08/turn               (no ring)
MPRegen 0.08/turn               (no ring)

@: no status effects
A: yellow scales 1
a: Renounce Religion, Berserk


You were on level 1 of the Dungeon.
You worshipped Trog.
Trog was aware of your devotion.
You visited 1 branch of the dungeon, and saw 1 of its levels.

Inventory:

Hand Weapons
 a - a +0 hand axe (weapon)
Armour
 b - a +0 animal skin (worn)
Scrolls
 d - a scroll of immolation {unknown}
Potions
 c - a potion of berserk rage {unknown}
 e - a potion of invisibility {unknown}


   Skills:
 - Level 3.0 Fighting
 + Level 3.2 Axes
 - Level 1.7 Armour
 - Level 1.7 Dodging


You had one spell level left.
You didn't know any spells.
Your spell library was empty.

Dungeon Overview and Level Annotations

Branches:
Dungeon (1/15)

Altars:


Innate Abilities, Weirdness & Mutations

You are partially covered in yellow scales. (AC +2)


Message History

No target in view!
A quokka comes into view.
You hit the quokka.
The quokka is moderately wounded.
The quokka closely misses you.
A quokka is nearby!
You hit the quokka.
You kill the quokka!
Trog accepts your kill.
No target in view!
No target in view!
No target in view!
Found a scale mail.
No target in view!
You see here a +0 scale mail.
e - a metallic ruby potion No target in view!
No target in view!
No target in view!
No target in view!
No target in view!
Found a stone staircase leading down.
No target in view!
A frilled lizard comes into view.
The frilled lizard hisses angrily.
The frilled lizard moves out of view.
No target in view!
No target in view!
No target in view!
No target in view!
The frilled lizard barely misses you.
You completely miss the frilled lizard. The frilled lizard bites you. x2
You barely miss the frilled lizard. The frilled lizard barely misses you.
You hit the frilled lizard.
You kill the frilled lizard!
Trog accepts your kill.
You have reached level 2!
Your demonic ancestry asserts itself...
Yellow scales grow over part of your body.
Are you sure you want to abandon this character and quit the game? (Confirm with "yes".)

#... .######
#....#####
#........ #......#
#####......#
...........# #@#
#.# ######### #.#
........####.#
#............# ##
........###### .#..
#.......####.......
..............>.#.#
##.####.#########.#


There were no monsters in sight!

Vanquished Creatures
  A ball python (D:1)
  An endoplasm (D:1)
  2 hobgoblins (D:1)
  A quokka (D:1)
  A bat (D:1)
  A frilled lizard (D:1)
7 creatures vanquished.

Notes
Turn   | Place    | Note
-------+----------+-------------------------------------------
     0 | D:1      | knot the Demonspawn Berserker began the quest for the Orb.
     0 | D:1      | Reached XP level 1. HP: 18/18 MP: 1/1
   284 | D:1      | Gained mutation: You are partially covered in yellow
                  | scales. (AC +2) [demonic ancestry]
   284 | D:1      | Reached XP level 2. HP: 20/24 MP: 2/2
   284 | D:1      | Quit the game

Illustrated notes

Levels and vault maps discovered:
D:1:      eino_arrival_cavern_b, layout_basic, serial_co_window_serial,
          co_window_of_opportunity_a, co_window_corner_a, co_window_paths_a,
          co_window_corner_a, co_window_paths_a, co_window_paths_c,
          co_window_broadway_a, co_window_corner_b, co_window_corner_cb,
          co_window_4corner_b, glass_columns_b,
          hellmonk_ecumenical_altar_heavens_door

Skill      XL: |  1 |
---------------+----+-----
Axes           | 3 |  3.2
Fighting       | |  3.0
Armour         | |  1.7
Dodging        | |  1.7

Action                   || total
-------------------------++-------
Melee: Hand axe          ||    19
 Stab: Sleeping          ||     1
Armor: Animal skin       ||     7
Dodge: Dodged            ||    16

Table legend: (Time is in decaauts)
 A = Elapsed time spent in this place.
 B = Non-inter-level travel time spent in this place.
 C = Inter-level travel time spent in this place.
 D = Time resting spent in this place.
 E = Time spent auto-exploring this place.
 F = Levels seen in this place.
 G = Mean time per level.
                   A        B        C        D        E       F      G
               +--------+--------+--------+--------+--------+-----+--------+
         Total |    288 |    288 |      0 |      0 |    230 |   1 |  288.0 |
       Dungeon |    288 |    288 |      0 |      0 |    230 |   1 |  288.0 |
               +--------+--------+--------+--------+--------+-----+--------+

Top non-repeatable levels by time:
     D:1: 288 daAuts
